1995 views
Uploaded 2023-08-08 23:46:01
Game version 1.36 (6115)
7:58 long 1on1 ladder game on (2)LastRefuge_S2_v1.5
Saved by GIGA
1995 views
Uploaded 2023-08-08 23:46:01
Game version 1.36 (6115)
7:58 long 1on1 ladder game on (2)LastRefuge_S2_v1.5

14 units @ 1.8k
/ 0k
8 buildings @ 1.3k
/ 0.3k


| Healing Salve | 1 | 100 |
| total: | 1 | 100g |
| Peon | 7 | 525 | / | 0 |
| Grunt | 5 | 1000 | / | 0 |
| Troll Headhunter | 2 | 280 | / | 40 |
| total: | 14 | 1805g | / | 40w |
| Altar of Storms | 1 | 180 | / | 50 |
| Orc Burrow | 4 | 640 | / | 160 |
| Barracks | 1 | 180 | / | 50 |
| Voodoo Lounge | 1 | 130 | / | 30 |
| War Mill | 1 | 205 | / | 0 |
| Stronghold | 1 | 315 | / | 190 |
| total: | 8 | 1335g | / | 290w |
| 0:03 | Peon |
| 0:03 | Peon |
| 0:05 | Altar of Storms |
| 0:20 | Orc Burrow |
| 0:31 | Peon |
| 0:36 | Barracks |
| 0:47 | Peon |
| 1:24 | Peon |
| 1:25 | Peon |
| 1:31 | Orc Burrow |
| 1:37 | Grunt |
| 1:51 | Voodoo Lounge |
| 1:58 | Peon |
| 2:08 | Feral Spirit |
| 2:39 | Grunt |
| 2:46 | Grunt |
| 3:34 | Chain Lighting |
| 3:41 | Stronghold |
| 3:43 | Grunt |
| 3:48 | Orc Burrow |
| 4:19 | War Mill |
| 5:06 | Grunt |
| 5:15 | Orc Burrow |
| 5:32 | Feral Spirit |
| 5:53 | Troll Headhunter |
| 5:53 | Troll Headhunter |
| 6:14 | Summon Lava Spawn |
| 7:21 | Healing Salve |
| Right click | 253 |
| Select | 133 |
| Build/train/purchase | 30 |
| Select group | 12 |
| Misc. action | 5 |
| Assign group | 4 |
| Use ability | 4 |
| Item give/drop | 2 |
14 units @ 1.9k
/ 0k
9 buildings @ 1.5k
/ 0.6k


| Healing Salve | 3 | 300 |
| Lesser Clarity Potion | 1 | 70 |
| Scroll of Speed | 1 | 50 |
| total: | 5 | 420g |
| Peon | 7 | 525 | / | 0 |
| Grunt | 7 | 1400 | / | 0 |
| total: | 14 | 1925g | / | 0w |
| Altar of Storms | 1 | 180 | / | 50 |
| Orc Burrow | 3 | 480 | / | 120 |
| Barracks | 1 | 180 | / | 50 |
| Voodoo Lounge | 1 | 130 | / | 30 |
| War Mill | 1 | 205 | / | 0 |
| Spirit Lodge | 1 | 150 | / | 150 |
| Tauren Totem | 1 | 135 | / | 155 |
| Stronghold | 1 | 315 | / | 190 |
| total: | 9 | 1460g | / | 555w |
| 0:03 | Peon |
| 0:03 | Peon |
| 0:08 | Altar of Storms |
| 0:21 | Orc Burrow |
| 0:26 | Peon |
| 0:36 | Barracks |
| 0:43 | Peon |
| 0:51 | Peon |
| 1:07 | Peon |
| 1:23 | Peon |
| 1:30 | Orc Burrow |
| 1:43 | Grunt |
| 2:14 | Wind Walk |
| 2:21 | Voodoo Lounge |
| 2:36 | Grunt |
| 2:40 | Stronghold |
| 2:46 | Grunt |
| 3:52 | Critical Strike |
| 3:56 | Grunt |
| 3:56 | Grunt |
| 4:05 | Orc Burrow |
| 4:11 | Healing Salve |
| 4:11 | Lesser Clarity Potion |
| 4:11 | Scroll of Speed |
| 4:17 | Healing Salve |
| 5:26 | Wind Walk |
| 5:33 | Grunt |
| 5:38 | War Mill |
| 5:44 | Healing Salve |
| 5:45 | Grunt |
| 6:15 | Summon Lava Spawn |
| 6:34 | Spirit Lodge |
| 6:42 | Tauren Totem |
| Right click | 318 |
| Select | 132 |
| Select group | 69 |
| Build/train/purchase | 33 |
| Misc. action | 24 |
| Assign group | 11 |
| Use ability | 7 |
| Item give/drop | 1 |
| Esc | 1 |